 Dungeon Crawl Stone Soup version 0.30-a0-1082-g70414cbcbb (webtiles) character file.

Game seed: 9887831276107473526

88 cheesebisquit the Magician (level 4, -3/31 HPs)
             Began as a Djinni Fire Elementalist on Apr 15, 2023.
             Engulfed by a cloud of flame (5 damage)
             ... on level 3 of the Dungeon.
             The game lasted 00:07:38 (1382 turns).

cheesebisquit the Magician (DjFE)                   Turns: 1382, Time: 00:07:39

Health: -3/31      AC:  2    Str:  7    XL:     4   Next: 82%
Gold:   91         EV: 12    Int: 27    God:
                   SH:  0    Dex: 13

rFire   + + +      SeeInvis +    k - staff of air "Plog" {rElec rF+ rC- Int+8}
rCold   x x .      Faith    .    (no shield)
rNeg    . . .      Spirit   .    a - +0 robe
rPois   ∞          Reflect  .    (no helmet)
rElec   +          Rampage  .    (no cloak)
rCorr   .                        (no gloves)
Will    .....                    (boots unavailable)
Stlth   ++                       (no amulet)
HPRegen 0.25/turn                i - ring of protection from fire
MPRegen 0.00/turn                l - ring of see invisible

@: flying
A: sickness immunity, fire resistance 2, cold vulnerability 1, float, innate
caster, HP casting, extra vitality 1
a: no special abilities


You were on level 3 of the Dungeon.
You visited 1 branch of the dungeon, and saw 3 of its levels.

You collected 91 gold pieces.

Inventory:

Missiles
 b - 6 poisoned darts
Armour
 a - a +0 robe (worn)
Magical Staves
 k - the staff of air "Plog" (weapon) {rElec rF+ rC- Int+8}
   (You found it on level 2 of the Dungeon)

   [staff of air]

   Your inability to study Air Magic prevents you from drawing on the full power
   of this staff in melee.
   Base accuracy: +5 Base damage: 5 Base attack delay: 1.2 This weapon's minimum
   attack delay (0.6) is reached at skill level 12.
   Int:       It affects your intelligence (+8).
   rF:        It protects you from fire.
   rC:        It makes you vulnerable to cold.
   rElec:     It insulates you from electricity.
   It falls into the 'Staves' category.
   It is a one-handed weapon.
Jewellery
 i - a ring of protection from fire (left hand)
 l - a ring of see invisible (right hand)
Scrolls
 d - 5 scrolls of identify {unknown}
 g - a scroll of amnesia {unknown}
Potions
 c - 2 potions of haste {unknown}
 e - a potion of berserk rage {unknown}
 f - 2 potions of mutation {unknown}
 h - a potion of attraction {unknown}
 j - a potion of lignification {unknown}


   Skills:
 - Level 2.1 Dodging
 - Level 1.5 Stealth
 + Level 4.0 Spellcasting


You knew the following spells:

 Your Spells              Type           Power      Damage    Failure   Level
a - Foxfire               Conj/Fire      100%       2x1d9     1%          1
b - Kiss of Death         Conj/Necr      100%       2d13      1%          1
c - Volatile Blastmotes   Fire/Tloc      54%        2d14      4%          3
d - Inner Flame           Hex/Fire       27%        N/A       4%          3
e - Flame Wave            Conj/Fire      27%        2d9       14%         4
z - Scorch                Fire           54%        2d7       2%          2
Your spell library was empty.

Dungeon Overview and Level Annotations

Branches:
Dungeon (3/15)

Altars:


Innate Abilities, Weirdness & Mutations

You are immune to sickness and miasma.
You are immune to poison.
Your flesh is very heat resistant. (rF++)
You are vulnerable to cold. (rC-)
You float through the air rather than walking.
You learn spells naturally, not from books.
Your magical power is your life essence.
You have superior vitality. (+4 MHP)


Message History

Aiming: Inner Flame (dangerous; 4% risk of failure)
Press: ? - help, Dir - move target, f - gnoll
Aim: a gnoll, wielding a +0 spear (chance to affect: 87%)
The gnoll is filled with an inner flame.
The foxfire hits the frilled lizard!
You kill the frilled lizard!
The foxfire hits the gnoll!
The gnoll is severely wounded.
Casting: Inner Flame (dangerous; 4% risk of failure)
Confirm with . or Enter, or press ? or * to list all spells.
Aiming: Inner Flame (dangerous; 4% risk of failure)
Press: ? - help, Dir - move target, f - gnoll, p - gnoll
Aim: a gnoll, wielding a +0 club (severely wounded, chance to affect: 87%)
The gnoll is filled with an inner flame.
Casting: Inner Flame (dangerous; 4% risk of failure)
Confirm with . or Enter, or press ? or * to list all spells.
Aiming: Inner Flame (dangerous; 4% risk of failure)
Press: ? - help, Dir - move target, f - gnoll, p - gnoll
Aim: a gnoll, wielding a +0 spear of venom (chance to affect: 87%)
The gnoll is filled with an inner flame.
The frilled lizard hisses angrily.
Casting: Inner Flame (dangerous; 4% risk of failure)
Confirm with . or Enter, or press ? or * to list all spells.
Aiming: Inner Flame (dangerous; 4% risk of failure)
Press: ? - help, Dir - move target, f - gnoll, p - gnoll
Aim: a gnoll, wielding a +0 flail (black smoke, chance to affect: 87%)
The gnoll is filled with an inner flame.
The gnoll closely misses you. The gnoll hits you with a +0 club.
The gnoll attacks as you move away! The gnoll hits you with a +0 club.
Casting: Inner Flame (dangerous; 4% risk of failure)
Confirm with . or Enter, or press ? or * to list all spells.
Flames lash the gnoll.
* * * LOW HITPOINT WARNING * * *
The gnoll explodes!
The fiery explosion engulfs you! You resist.
* * * LOW HITPOINT WARNING * * *
The fiery explosion engulfs the gnoll!!
The gnoll explodes!
You are engulfed in blazing flames.
You resist.
You die...

.....##..........#
.....##..........# #.§..
........##>..###.##.....≈
##......###### ..§#§#..
#......# ....... #..)...#
####.≈...≈. #......#
#....g.#...
#......#######.§.§§g..§.
###.......†..'.@§§§.l...
############..§#§#.#..
#...# .. ##### ≈.. ..≈ ..
.


You could see 2 gnolls and a frilled lizard.

Vanquished Creatures
  An orc wizard (D:3)
  An adder (D:2)
  3 gnolls
  A dart slug (D:2)
  3 orcs (D:3)
  4 endoplasms
  A giant cockroach (D:1)
  5 goblins
  2 hobgoblins (D:2)
  5 kobolds
  A quokka (D:2)
  5 ball pythons
  4 bats
  4 frilled lizards
  6 rats
46 creatures vanquished.

Vanquished Creatures (others)
  84 foxfires
84 creatures vanquished.

Grand Total: 130 creatures vanquished

Notes
Turn   | Place    | Note
-------+----------+-------------------------------------------
     0 | D:1      | cheesebisquit the Djinni Fire Elementalist began the quest
                  | for the Orb.
     0 | D:1      | cheesebisquit set off with the following spells memorised:
                  | Foxfire, Scorch, Volatile Blastmotes, Inner Flame, Flame
                  | Wave.
     0 | D:1      | Reached XP level 1. HP: 15/15 MP: 0/0
    81 | D:1      | Reached XP level 2. HP: 17/21 MP: 0/0
   314 | D:1      | Reached skill level 3 in Spellcasting
   314 | D:1      | Reached XP level 3. HP: 24/25 MP: 0/0
   314 | D:1      | Learned a level 1 spell: Kiss of Death
   848 | D:2      | Found a faded altar of an unknown god.
   858 | D:2      | Reached XP level 4. HP: 29/31 MP: 0/0
   979 | D:2      | Identified the staff of air "Plog" {rElec rF+ rC- Int+8}
  1288 | D:3      | Reached skill level 4 in Spellcasting
  1382 | D:3      | Engulfed by a cloud of flame

Illustrated notes

Levels and vault maps discovered:
D:1:      shiori_arrival_elements, layout_basic, st_stairs_4, minmay_distorted
D:2:      layout_basic, shapermc_ecumenical_altar_notcrosses
D:3:      layout_basic, nicolae_kite_square_tiling_tiny, corexii_hall_statues_u

Skill      XL: |  1  2  3  4 |
---------------+-------------+-----
Spellcasting   | 3 4 |  4.0
Dodging        | |  2.1
Stealth        | |  1.5

Action                     |  1- 3 |  4- 6 || total
---------------------------+-------+-------++-------
  Melee: Unarmed           |     2 |       ||     2
   Cast: Foxfire           |    41 |     9 ||    50
         Scorch            |     7 |     6 ||    13
         Inner Flame       |       |     4 ||     4
 Armour: Robe              |     1 |       ||     1
  Dodge: Dodged            |     9 |     1 ||    10

Table legend: (Time is in decaauts)
 A = Elapsed time spent in this place.
 B = Non-inter-level travel time spent in this place.
 C = Inter-level travel time spent in this place.
 D = Time resting spent in this place.
 E = Time spent auto-exploring this place.
 F = Levels seen in this place.
 G = Mean time per level.
                   A        B        C        D        E       F      G
               +--------+--------+--------+--------+--------+-----+--------+
         Total |   1380 |   1238 |    142 |      0 |   1023 |   3 |  460.0 |
       Dungeon |   1380 |   1238 |    142 |      0 |   1023 |   3 |  460.0 |
               +--------+--------+--------+--------+--------+-----+--------+

Top non-repeatable levels by time:
     D:1: 667 daAuts
     D:2: 561 daAuts
     D:3: 152 daAuts
